AoeStats
← DJ Blyatman!

Arena

507743546Analyzed
4v4 RM · 14d ago on Sep 19, 2026· 55m 58s· 8 players
Game mode
Random Map
Map size
Large (8 player)
Population
200
Speed
Normal
Resources
Standard
Victory
Conquest
Starting age
Dark Age
Ending age
Imperial Age
RankedLock teamsTeams togetherTeam positionsShared explorationLock speedFull tech treeHidden civsTurbo modeCheats
Victory
Defeat
🇺🇿 Muisca · Uzbekistan
1259
+13
🇧🇩 Poles · Bangladesh
1241
+14
🇨🇳 Magyars · China
1236
+15
🇨🇳 Franks · China
1233
+14
🇹🇷 Teutons · Türkiye
1214
-14
🇧🇪 Spanish · Belgium
1201
-14
🇮🇹 Franks · Italy
1201
-14
🇳🇱 Cumans · Netherlands
1190
-14
FATİH
10:35 Feudal Age
12:17 Double-Bit Axe
13:04 Horse Collar
15:31 Castle Age
14:40 Wheelbarrow
16:34 Bow Saw
16:48 Gold Mining
22:46 Heavy Plow
23:16 Stone Mining
28:28 Imperial Age
26:48 Scale Barding Armor
26:43 Scale Mail Armor
26:53 Forging
28:21 Chain Barding Armor
28:11 Forging
29:12 Bloodlines
28:34 Cavalier
29:56 Plate Barding Armor
29:36 Chain Mail Armor
30:46 Two-Man Saw
30:51 Crop Rotation
29:56 Paladin
32:15 Conscription
33:37 Plate Mail Armor
33:48 Iron Casting
36:20 Pikeman
37:01 Squires
37:03 Arson
36:57 Halberdier
39:55 Blast Furnace
41:24 Town Watch
45:47 Hand Cart
49:21 Fletching
49:31 Padded Archer Armor
49:12 Elite Skirmisher
51:28 Chemistry
51:48 Bodkin Arrow
52:12 Leather Archer Armor
54:14 Ring Archer Armor
54:06 Ballistics
55:12 Guilds
flegrea44
10:34 Feudal Age
14:09 Castle Age
12:29 Double-Bit Axe
15:21 Bow Saw
23:23 Gold Mining
23:24 Stone Mining
25:40 Scale Barding Armor
26:38 Loom
27:31 Wheelbarrow
26:42 Town Watch
27:13 Forging
27:27 Husbandry
27:57 Chain Barding Armor
28:32 Gold Shaft Mining
29:17 Iron Casting
29:41 Hand Cart
29:26 Town Patrol
33:23 Imperial Age
33:17 Fletching
33:52 Cavalier
35:35 Blast Furnace
35:11 Plate Barding Armor
34:32 Bodkin Arrow
35:40 Chemistry
35:36 Paladin
42:24 Light Cavalry
48:21 Caravan
50:52 Guard Tower
chninane
10:29 Feudal Age
8:47 Loom
14:35 Castle Age
13:12 Double-Bit Axe
24:10 Bow Saw
24:34 Horse Collar
26:50 Padded Archer Armor
30:07 Wheelbarrow
29:35 Heavy Plow
35:47 Leather Archer Armor
35:33 Town Watch
36:11 Gold Mining
36:23 Stone Mining
41:02 Imperial Age
39:42 Town Patrol
40:37 Ballistics
40:56 Fletching
42:31 Hand Cart
42:58 Ring Archer Armor
45:27 Conscription
45:32 Bodkin Arrow
46:22 Bracer
50:51 Scale Barding Armor
50:57 Forging
53:07 Chain Barding Armor
53:23 Iron Casting
Vogrov
11:39 Feudal Age
12:20 Double-Bit Axe
12:16 Horse Collar
15:41 Loom
18:36 Castle Age
17:55 Wheelbarrow
18:20 Scale Mail Armor
18:26 Scale Barding Armor
20:51 Bow Saw
22:09 Heavy Plow
24:18 Forging
23:59 Gold Mining
24:06 Stone Mining
24:10 Town Watch
25:36 Gold Shaft Mining
26:28 Iron Casting
27:26 Chain Barding Armor
27:08 Scale Mail Armor
27:08 Padded Archer Armor
26:59 Fletching
28:06 Bloodlines
31:17 Imperial Age
29:38 Arson
29:53 Squires
29:14 Pikeman
31:27 Steppe Husbandry
30:54 Elite Skirmisher
32:03 Elite Steppe Lancer
33:59 Two-Man Saw
33:54 Plate Barding Armor
33:52 Hand Cart
34:59 Blast Furnace
34:36 Chain Mail Armor
34:36 Leather Archer Armor
34:42 Murder Holes
35:30 Crop Rotation
36:33 Thumb Ring
36:53 Conscription
39:39 Bodkin Arrow
40:17 Caravan
40:49 Halberdier
41:04 Light Cavalry
41:13 Crossbowman
42:26 Ring Archer Armor
42:33 Plate Mail Armor
43:46 Chemistry
43:10 Ballistics
43:40 Hoardings
43:06 Hussar
45:50 Cuman Mercenaries
50:44 Cavalier
52:40 Masonry
karbid
10:05 Feudal Age
14:27 Castle Age
13:37 Horse Collar
13:46 Double-Bit Axe
22:05 Wheelbarrow
23:11 Loom
29:42 Imperial Age
27:56 Bow Saw
28:19 Hand Cart
27:52 Town Watch
28:27 Squires
27:48 Pikeman
28:06 Crossbowman
29:21 Thumb Ring
30:01 Heavy Plow
30:27 Ballistics
30:45 Gold Mining
30:33 Arbalester
31:41 Fletching
31:52 Padded Archer Armor
32:25 Bodkin Arrow
33:28 Leather Archer Armor
34:39 Chemistry
34:14 Bracer
35:05 Forging
34:55 Scale Mail Armor
35:13 Herbalism
35:34 Conscription
37:20 Gold Shaft Mining
37:42 Iron Casting
37:22 Chain Mail Armor
38:37 Siege Engineers
38:42 Masonry
38:51 Murder Holes
39:50 Plate Mail Armor
47:11 Hoardings
有个小草
9:41 Feudal Age
13:33 Castle Age
11:46 Double-Bit Axe
23:56 Wheelbarrow
23:07 Loom
25:19 Hand Cart
25:17 Gold Mining
25:17 Stone Mining
26:17 Bow Saw
26:47 Gold Shaft Mining
26:03 Stone Mining
29:20 Imperial Age
27:49 Light Cavalry
28:30 Husbandry
28:40 Scale Barding Armor
28:46 Forging
29:48 Chain Barding Armor
29:29 Cavalier
31:27 Paladin
32:51 Plate Barding Armor
32:51 Iron Casting
37:48 Fletching
39:50 Conscription
49:44 Chemistry
51:38 Padded Archer Armor
51:33 Bodkin Arrow
52:39 Blast Furnace
51:40 Elite Skirmisher
Gunslinger
11:13 Feudal Age
12:13 Double-Bit Axe
16:15 Castle Age
14:53 Stone Mining
21:12 Horse Collar
23:56 Heavy Plow
28:52 Imperial Age
27:58 Wheelbarrow
28:50 Szlachta Privileges
29:52 Bow Saw
30:51 Gold Mining
31:52 Heavy Plow
31:30 Cavalier
33:33 Bloodlines
33:24 Husbandry
34:03 Scale Barding Armor
34:09 Forging
34:54 Hand Cart
35:07 Chain Barding Armor
36:14 Iron Casting
37:11 Stone Shaft Mining
39:51 Blast Furnace
39:50 Light Cavalry
41:39 Winged Hussar
DJ Blyatman!
10:43 Feudal Age
14:24 Castle Age
13:18 Double-Bit Axe
13:43 Horse Collar
15:40 Loom
20:49 Fletching
21:34 Bodkin Arrow
21:13 Elite Skirmisher
22:58 Bow Saw
25:56 Wheelbarrow
27:31 Padded Archer Armor
27:46 Husbandry
32:39 Imperial Age
30:44 Leather Archer Armor
30:35 Gold Mining
30:35 Stone Mining
31:06 Bloodlines
31:49 Ballistics
31:55 Thumb Ring
33:23 Hand Cart
33:23 Bracer
34:26 Chemistry
33:53 Parthian Tactics
34:51 Ring Archer Armor
35:27 Two-Man Saw
35:02 Heavy Plow
35:22 Scale Barding Armor
35:08 Treadmill Crane
35:23 Murder Holes
35:56 Conscription
36:38 Gold Shaft Mining
36:27 Recurve Bow
36:35 Town Watch
37:16 Chain Barding Armor
37:07 Corvinian Army
37:55 Town Patrol
37:41 Heavy Cavalry Archer
39:53 Plate Barding Armor
39:27 Elite Magyar Huszar
41:15 Hoardings
41:56 Crop Rotation
44:04 Siege Engineers
44:10 Masonry
43:54 Cavalier
45:04 Paladin
46:16 Caravan
48:37 Coinage
54:12 Banking
Connection lost

Rejoining the realm…

Still unreachable

The connection could not be restored.

Session expired

The server has moved on; the page needs a fresh start.